 Dungeon Crawl Stone Soup version 0.30.1-11-g7821555f0a (webtiles) character file.

Game seed: 7582202755713245676

51 lonewolfV2 the Shield-Bearer (level 4, 0/37 HPs)
             Began as a Formicid Fighter on Nov 15, 2023.
             Slain by a worm (2 damage)
             ... on level 2 of the Dungeon.
             The game lasted 00:01:37 (1307 turns).

lonewolfV2 the Shield-Bearer (Formicid Fighter)     Turns: 1307, Time: 00:01:38

Health: 0/37       AC:  6    Str: 21    XL:     4   Next: 7%
Magic:  4/4        EV:  9    Int:  7    God:
Gold:   50         SH:  5    Dex: 15    Spells: 3/3 levels left

rFire   + . .        a - +1 war axe
rCold   . . .        c - +0 buckler
rNeg    . . .        b - +0 scale mail
rPois   .            (helmet unavailable)
rElec   .            (no cloak)
rCorr   .            (no gloves)
SInv    +            (no boots)
Will    .....        (no amulet) Stlth
                     i - ring of protection from fire
HPRegen 0.26/turn    (no ring)
MPRegen 0.09/turn

%: no passive effects
@: no status effects
A: permanent stasis, dig shafts and tunnels, antennae 3, four strong arms
a: Dig, Shaft Self


You were on level 2 of the Dungeon.
You visited 1 branch of the dungeon, and saw 2 of its levels.

You collected 50 gold pieces.

Inventory:

Hand Weapons
 a - a +1 war axe (weapon)
Armour
 b - a +0 scale mail (worn)
 c - a +0 buckler (worn)
Jewellery
 i - a ring of protection from fire (left hand)
Scrolls
 f - a scroll of identify {unknown}
Potions
 d - a potion of might
 e - a potion of brilliance {unknown}
 g - 4 potions of curing {unknown}
 h - a potion of attraction {unknown}


   Skills:
 + Level 4.0 Fighting
 * Level 3.5 Axes
 - Level 3.2 Armour
 - Level 4.0 Shields


You had 3 spell levels left.
You didn't know any spells.
Your spell library contained the following spells:

 Spells                   Type           Power      Damage    Failure   Level
 Magic Dart               Conj           0%         1d3       83%         1
 Searing Ray              Conj           0%         2d4       93%         2
 Fulminant Prism          Conj/Hex       0%         3d5       100%        4
 Manifold Assault         Tloc           0%         N/A       100%        4
 Storm Form               Tmut/Air       0%         N/A       100%        7
 Blink                    Tloc           Unusable   N/A       N/A         2

Dungeon Overview and Level Annotations

Branches:
Dungeon (2/15)

Altars:

Shops:
D:1 :


Innate Abilities, Weirdness & Mutations

You cannot be hasted, slowed, berserked, paralysed or teleported.
You can dig through walls and to a lower floor.
You have a pair of large antennae on your head. (SInv)
Your four strong arms can wield two-handed weapons with a shield.


Message History

A worm and a goblin come into view.
The goblin shouts!
The worm bites you!
You hit the worm.
The worm is moderately wounded.
You completely miss the worm. You slash the worm!
The worm is almost dead.
You barely miss the worm. The worm closely misses you.
You block the worm's attack.
You slash the worm!
You kill the worm!
You hit the worm. The worm closely misses you.
You have reached level 4!
You feel stronger. The goblin barely misses you. The worm bites you!
You slash the goblin!
You kill the goblin!
You hit the worm.
Your Fighting skill increases to level 4!
The worm bites you but does no damage. The worm completely misses you.
Things that are here:
a +0 dagger; a goblin corpse You hit the worm.
The worm is lightly wounded.
You slash the worm! The worm bites you! The worm bites you but does no damage.
You hit the worm.
The worm is moderately wounded.
You barely miss the worm. The worm bites you!
* * * LOW HITPOINT WARNING * * *
The worm bites you.
* * * LOW HITPOINT WARNING * * *
You barely miss the worm.
The worm is moderately wounded.
You hit the worm. You slash the worm!
The worm is severely wounded.
You barely miss the worm. The worm bites you but does no damage.
The worm bites you.
You die...

##.# ##..# ##^....## #..##
##.....^.## #.## #^^..^...^#
# #.# #####.......^.##
###.##...............##.
.#..†..# #........^.....
......## #...^>w...# ......#
#....@..#
......#######....w######
....).....####...####..#
......###..#........#..######
............$..........<....#
..........####.#####...######
..........# ## #.#.#
##......### ####.#.#
#.....#### #....#.##


You could see 2 worms.

Vanquished Creatures
  2 adders (D:2)
  2 worms (D:2)
  2 endoplasms
  4 giant cockroaches
  2 goblins
  5 hobgoblins (D:1)
  2 quokkas (D:1)
  A ball python (D:1)
  A bat (D:1)
  A frilled lizard (D:1)
  2 kobolds (D:2)
  3 rats (D:1)
27 creatures vanquished.

Notes
Turn   | Place    | Note
-------+----------+-------------------------------------------
     0 | D:1      | lonewolfV2 the Formicid Fighter began the quest for the
                  | Orb.
     0 | D:1      | Reached XP level 1. HP: 18/18 MP: 1/1
   141 | D:1      | Found Tiakh's Book Emporium.
   281 | D:1      | Reached XP level 2. HP: 22/24 MP: 2/2
   465 | D:1      | Found a faded altar of an unknown god.
   710 | D:1      | Reached XP level 3. HP: 30/30 MP: 3/3
  1301 | D:2      | Reached XP level 4. HP: 28/37 MP: 4/4
  1305 | D:2      | HP: 1/37 [worm (3)]
  1307 | D:2      | Slain by a worm

Illustrated notes

Levels and vault maps discovered:
D:1:      heliophobic_arrival_glass_houses, layout_basic, serial_shops,
          nicolae_shop_window_shopping, dilly_ecumenical_altar_fadedgnrine
D:2:      layout_rooms, basic_altar, nicolae_wormholes, uniq_natasha

Skill      XL: |  1  2  3  4 |
---------------+-------------+-----
Axes           | 3 |  3.5
Fighting       | 4 |  4.0
Armour         | |  3.2
Shields        | |  4.0

Action                     |  1- 3 |  4- 6 || total
---------------------------+-------+-------++-------
  Melee: War axe           |    73 |     5 ||    78
    Use: Scroll            |     3 |       ||     3
 Armour: Scale mail        |    38 |     3 ||    41
  Dodge: Dodged            |    44 |     2 ||    46
  Block: Buckler           |    36 |       ||    36
